[Event "1.FrauenBL 2019-20"]
[Site "Baden-Baden"]
[Date "2020.02.01"]
[Round "5.5"]
[White "Troyke, Doreen"]
[Black "Tammert, Iamze"]
[Result "0-1"]
[ECO "D75"]
[WhiteElo "2021"]
[BlackElo "2292"]
[Annotator "ChessBase"]
[PlyCount "64"]
[EventDate "2019.09.14"]
[EventType "team-tourn"]
[EventCountry "GER"]
[SourceTitle "playchess.com"]
[Source "ChessBase"]
[SourceQuality "1"]
[WhiteTeam "ERF"]
[BlackTeam "BAD"]
[TimeControl "40/5400+30:1800+30"]

1. c4 Nf6 2. g3 d5 3. Bg2 g6 4. cxd5 Nxd5 5. Nc3 Nxc3 6. bxc3 Bg7 7. Nf3 O-O 8. O-O c5 9. d4 cxd4 10. cxd4 Nc6 11. e3 Be6 12. Qa4 Bd5 13. Rb1 Rb8 14. Rd1 Re8 15. Rb5 a6 16. Rc5 e6 17. Bd2 Bf8 18. Rcc1 Qd6 19. e4 Bxe4 20. Bf4 Qa3 21. Qxa3 Bxa3 22. Rxc6 Bxc6 23. Bxb8 Rxb8 24. Ne5 Bxg2 25. Kxg2 Rc8 26. Rd3 Bb2 27. Rb3 Bxd4 28. Nf3 Bf6 29. Rxb7 Rc2 30. g4 h6 31. h4 g5 32. hxg5 hxg5 0-1

[Event "1.FrauenBL 2019-20"]
[Site "Baden-Baden"]
[Date "2020.02.01"]
[Round "5.6"]
[White "Heinemann, Josefine"]
[Black "Umpfenbach, Carolin"]
[Result "1-0"]
[ECO "B00"]
[WhiteElo "2317"]
[BlackElo "2073"]
[Annotator "ChessBase"]
[PlyCount "67"]
[EventDate "2019.09.14"]
[EventType "team-tourn"]
[EventCountry "GER"]
[SourceTitle "playchess.com"]
[Source "ChessBase"]
[SourceQuality "1"]
[WhiteTeam "BAD"]
[BlackTeam "ERF"]
[TimeControl "40/5400+30:1800+30"]

1. e4 e6 2. d4 b6 3. Bd3 Bb7 4. Nf3 c5 5. c3 cxd4 6. cxd4 Bb4+ 7. Bd2 Bxd2+ 8. Nbxd2 Ne7 9. O-O O-O 10. Qe2 f5 11. e5 Nd5 12. g3 Nc6 13. a3 g5 14. h3 Qe7 15. Nc4 Rad8 16. Nd6 Ba8 17. Bc4 Na5 18. Ba2 Qg7 19. Rac1 Ne7 20. Rc7 Kh8 21. Rd1 Qh6 22. Kh2 g4 23. Nh4 Ng6 24. Nxg6+ hxg6 25. d5 Qxh3+ 26. Kg1 f4 27. gxf4 Rxf4 28. Rd3 Rf3 29. Nf7+ Kg7 30. Nxd8 Rxd3 31. Nxe6+ Kh6 32. Nf4 Qf3 33. Qxd3 Qxf4 34. Qe3 1-0

[Event "1.FrauenBL 2019-20"]
[Site "Baden-Baden"]
[Date "2020.02.01"]
[Round "5.7"]
[White "Sieber, Fiona"]
[Black "Muetsch, Annmarie"]
[Result "0-1"]
[ECO "B32"]
[WhiteElo "2245"]
[BlackElo "2227"]
[Annotator "ChessBase"]
[PlyCount "96"]
[EventDate "2019.09.14"]
[EventType "team-tourn"]
[EventCountry "GER"]
[SourceTitle "playchess.com"]
[Source "ChessBase"]
[SourceQuality "1"]
[WhiteTeam "LEH"]
[BlackTeam "KSF"]
[TimeControl "40/5400+30:1800+30"]

1. e4 c5 2. Nf3 Nc6 3. d4 cxd4 4. Nxd4 e5 5. Nb5 d6 6. N1c3 a6 7. Na3 b5 8. Nd5 Nge7 9. c4 Nxd5 10. cxd5 Nd4 11. Bd3 g6 12. O-O Bg7 13. Nc2 O-O 14. Be3 Kh8 15. Qd2 f5 16. exf5 Nxf5 17. Bg5 Qb6 18. Rac1 Bd7 19. Bxf5 gxf5 20. Be3 Qb7 21. f4 a5 22. fxe5 dxe5 23. Rfd1 f4 24. Bc5 Rfc8 25. Ne1 Bg4 26. Nf3 e4 27. Qxf4 Bxf3 28. gxf3 Rxc5 29. Rxc5 Bd4+ 30. Rxd4 Qg7+ 31. Kf1 Qxd4 32. Rc6 Qd1+ 33. Kf2 Qd4+ 34. Kf1 Qd1+ 35. Kf2 Qd4+ 36. Kg3 Qg7+ 37. Kh4 exf3 38. Rc7 Rf8 39. Qd6 Qd4+ 40. Kh3 Rg8 41. Qe6 Qxb2 42. Rc2 Qg7 43. Qe4 b4 44. Qf4 Rf8 45. Qe3 Qd7+ 46. Kg3 Rg8+ 47. Kxf3 Qh3+ 48. Kf2 Rg2+ 0-1

[Event "1.FrauenBL 2019-20"]
[Site "Baden-Baden"]
[Date "2020.02.01"]
[Round "5.8"]
[White "Georgescu, Lena"]
[Black "Newrkla, Katharina"]
[Result "1/2-1/2"]
[ECO "B90"]
[WhiteElo "2285"]
[BlackElo "2238"]
[Annotator "NA"]
[PlyCount "106"]
[EventDate "2019.09.14"]
[EventType "team-tourn"]
[EventCountry "GER"]
[SourceTitle "playchess.com"]
[Source "ChessBase"]
[SourceQuality "1"]
[WhiteTeam "KSF"]
[BlackTeam "LEH"]
[TimeControl "40/5400+30:1800+30"]

1. e4 c5 2. Nf3 d6 3. d4 cxd4 4. Nxd4 Nf6 5. Nc3 a6 6. Be3 e5 7. Nb3 Be7 8. h3 {[%emt 0:00:00] B90: Sicilian Najdorf: Unusual White 6th moves, 6 Be3 Ng4 and 6 Be3 e5} Be6 9. f4 exf4 10. Bxf4 Nc6 11. Qe2 Ne5 12. O-O-O Qc7 13. Nd4 Rc8 14. Kb1 Qa5 15. Nb3 Qc7 16. g4 {[%emt 0:01:30] [#]} Nc4 $146 ({Predecessor:} 16... O-O 17. g5 Nfd7 18. Nd5 Bxd5 19. exd5 Rfe8 20. Qg2 Bf8 21. h4 g6 22. h5 Bg7 23. hxg6 hxg6 24. Rh3 Nb6 {1-0 (30) Mastrovasilis,D (2594)-Piesik,P (2409) Katowice 2019}) 17. Nd5 Bxd5 18. exd5 O-O 19. Qxc4 Qxc4 20. Bxc4 Rxc4 21. Bh2 Rfc8 22. c3 Bf8 23. Nd2 R4c7 24. c4 b5 25. b3 (25. g5 $5 Ne8 26. b3 $14) 25... Rb7 26. Rc1 $11 bxc4 27. Nxc4 Nxd5 28. Nxd6 Rxc1+ 29. Rxc1 Bxd6 30. Bxd6 f6 31. Rc6 Rb6 32. Rc8+ Kf7 33. Rd8 Nc3+ 34. Kb2 Ne4 35. Bf4 Rc6 36. Rd3 g5 37. Be3 Kg6 38. b4 f5 39. gxf5+ Kxf5 40. Rd5+ Kf6 41. Rd8 Rd6 42. Rxd6+ Nxd6 43. Kc3 h5 44. a4 g4 45. hxg4 hxg4 46. Bf4 Ke6 47. Kd4 Kd7 48. Kc5 Ne4+ 49. Kb6 Nc3 50. Kxa6 Nxa4 51. Be5 Ke6 52. Bg3 Nc3 53. b5 Nxb5 1/2-1/2

[Event "1.FrauenBL 2019-20"]
[Site "Baden-Baden"]
[Date "2020.02.01"]
[Round "5.10"]
[White "Schmidt, Jessica"]
[Black "Duessler, Stefanie"]
[Result "1-0"]
[ECO "A87"]
[WhiteElo "2243"]
[BlackElo "2109"]
[Annotator "NA"]
[PlyCount "95"]
[EventDate "2019.09.14"]
[EventType "team-tourn"]
[EventCountry "GER"]
[SourceTitle "playchess.com"]
[Source "ChessBase"]
[SourceQuality "1"]
[WhiteTeam "KSF"]
[BlackTeam "LEH"]
[TimeControl "40/5400+30:1800+30"]

1. d4 f5 2. c4 Nf6 3. Nc3 d6 4. Nf3 g6 5. g3 Bg7 6. Bg2 O-O 7. O-O Qe8 8. d5 Na6 9. Nd4 Bd7 10. Rb1 c6 11. Re1 Nc7 12. Bf4 {[%emt 0:07:30] [#] A87: Dutch Defence: Leningrad System: 5 Nf3} Nh5 $146 ({Predecessor:} 12... c5 13. Nc2 Qd8 14. Qd2 b5 15. b4 cxb4 16. Nxb4 bxc4 17. Bh6 a5 18. Nc2 Na6 19. Bxg7 Kxg7 {1-0 (53) Dukic,D (1869)-Melmer,F (1553) Ruhrgebiet 2004}) 13. Qd2 Nxf4 14. gxf4 c5 15. Nf3 b5 16. cxb5 Nxb5 17. Nxb5 Bxb5 18. Ng5 Bd7 19. Rec1 a5 20. b3 h6 21. Ne6 Bxe6 $1 22. dxe6 Ra7 23. Bd5 Qb5 24. a4 Qb6 25. e3 Rc7 26. Kh1 Rcc8 27. Rg1 Kh7 28. Qd3 $16 Qb4 29. Rbc1 Rb8 30. Rg2 Bf6 31. Rcg1 Rg8 32. Rxg6 Rxg6 33. Qxf5 Rbg8 34. Be4 Qxe4+ 35. Qxe4 h5 36. Rxg6 Rxg6 37. Qb7 Rg7 38. Qb5 Bh4 39. Qe2 Kh6 40. h3 Rg8 41. f5 Rb8 42. Qc2 Rb4 43. f4 Bf6 44. Qg2 Kh7 45. Qg6+ Kh8 46. Qxh5+ Kg8 47. Qd1 Kg7 48. Kg2 1-0

[Event "1.FrauenBL 2019-20"]
[Site "Baden-Baden"]
[Date "2020.02.01"]
[Round "5.11"]
[White "Manusina, Nicole"]
[Black "Kiefhaber, Veronika"]
[Result "0-1"]
[ECO "E81"]
[WhiteElo "1990"]
[BlackElo "2142"]
[Annotator "NA"]
[PlyCount "88"]
[EventDate "2019.09.14"]
[EventType "team-tourn"]
[EventCountry "GER"]
[SourceTitle "playchess.com"]
[Source "ChessBase"]
[SourceQuality "1"]
[WhiteTeam "LEH"]
[BlackTeam "KSF"]
[TimeControl "40/5400+30:1800+30"]

1. d4 Nf6 2. c4 g6 3. Nc3 Bg7 4. e4 d6 5. f3 O-O 6. Be3 a6 7. Qd2 Nbd7 8. Nge2 c5 9. Rd1 Qa5 10. Nc1 cxd4 $11 11. Bxd4 Ne5 12. Nd5 Qxd2+ 13. Rxd2 Nxd5 14. cxd5 f5 15. Be2 fxe4 16. fxe4 Bd7 17. Rf1 Rxf1+ 18. Bxf1 Rc8 19. Nb3 Ng4 20. Bxg7 Kxg7 21. h3 Ne5 22. Nd4 Rc5 23. Rc2 Rxc2 24. Nxc2 Kf6 25. Kd2 g5 26. Be2 Ng6 27. Ke3 Nf4 28. Bf1 Ke5 29. Ne1 h6 30. Nd3+ Nxd3 31. Bxd3 h5 32. Be2 Be8 33. b3 Bg6 34. Bd3 h4 35. a4 a5 36. Bb1 Bh5 37. Bc2 b6 38. Bd3 Bd1 39. Bc4 Bc2 40. Kf2 Kf4 41. Kf1 Bxe4 42. Kf2 Bc2 43. Kf1 Kg3 44. Kg1 Be4 0-1

[Event "1.FrauenBL 2019-20"]
[Site "Baden-Baden"]
[Date "2020.02.01"]
[Round "5.12"]
[White "Moingt, Anne"]
[Black "Boehm, Jana"]
[Result "1-0"]
[ECO "C06"]
[WhiteElo "2068"]
[BlackElo "1996"]
[Annotator "NA"]
[PlyCount "79"]
[EventDate "2019.09.14"]
[EventType "team-tourn"]
[EventCountry "GER"]
[SourceTitle "playchess.com"]
[Source "ChessBase"]
[SourceQuality "1"]
[WhiteTeam "KSF"]
[BlackTeam "LEH"]
[TimeControl "40/5400+30:1800+30"]

1. e4 e6 2. d4 d5 3. Nd2 Nf6 4. e5 Nfd7 5. Bd3 c5 6. c3 Nc6 7. Ne2 cxd4 8. cxd4 f6 9. exf6 Nxf6 10. Nf3 Bd6 11. O-O Qc7 12. Bg5 O-O 13. Bh4 Nh5 14. Nc3 a6 15. Re1 Nf4 {[%emt 0:05:30] [#] C06: French Tarrasch: 3...Nf6 4 e5 Nfd7 5 Bd3 main lines} 16. Bb1 $146 ({Predecessor:} 16. Bg3 h6 17. Rc1 Bd7 18. Bb1 g5 19. Ne5 Bxe5 20. dxe5 Be8 21. Na4 Bh5 22. Qd2 Qg7 23. Nc5 {1-0 (52) Reshetnikov,A (2355)-Rakhmanov,A (2237) Satka 2005}) 16... Bd7 17. Bg3 Rae8 18. Ng5 g6 19. Nxh7 Kxh7 20. Bxf4 Kg7 $16 21. Qd3 Rf5 22. Bxd6 Qxd6 23. Ne2 Rf6 24. a3 Rh8 25. Qg3 Qf8 26. Bd3 Rh5 27. Rac1 Qf7 28. f4 Kf8 29. Qe3 Qh7 30. Qg3 Qg7 31. Bb1 Be8 32. Rcd1 g5 33. Rf1 g4 34. f5 exf5 35. Nf4 Rg5 36. Nxd5 Rf7 37. Nf4 Nxd4 38. Qc3 Rd7 39. Rxd4 Rxd4 40. Ne6+ 1-0

[Event "1.FrauenBL 2019-20"]
[Site "Baden-Baden"]
[Date "2020.02.02"]
[Round "6.5"]
[White "Tammert, Iamze"]
[Black "Manusina, Nicole"]
[Result "0-1"]
[ECO "A11"]
[WhiteElo "2292"]
[BlackElo "1990"]
[Annotator "ChessBase"]
[PlyCount "76"]
[EventDate "2019.09.14"]
[EventType "team-tourn"]
[EventCountry "GER"]
[SourceTitle "playchess.com"]
[Source "ChessBase"]
[SourceQuality "1"]
[WhiteTeam "BAD"]
[BlackTeam "LEH"]
[TimeControl "40/5400+30:1800+30"]

1. c4 c6 2. Nf3 d5 3. e3 Nf6 4. Nc3 g6 5. Qb3 a6 6. a4 Bg7 7. d4 O-O 8. Bd3 Qd6 9. O-O Nbd7 10. Rd1 Rd8 11. e4 dxe4 12. Bxe4 Nxe4 13. Nxe4 Qc7 14. Bg5 Nf6 15. Nxf6+ exf6 16. Bh4 b6 17. Bg3 Qb7 18. d5 cxd5 19. cxd5 Bf5 20. Rac1 Rd7 21. d6 Be6 22. Qc2 Bd5 23. b4 Bf8 24. Qd3 Be6 25. Qc3 Rad8 26. Qxf6 Bg7 27. Qh4 h6 28. b5 g5 29. Qb4 a5 30. Qa3 f5 31. Be5 g4 32. Bxg7 Rxg7 33. Nd4 Bd7 34. Nc6 Re8 35. Ne7+ Kh7 36. Rc7 Rgxe7 37. Qc3 Qd5 38. Rf1 Qxd6 0-1

[Event "1.FrauenBL 2019-20"]
[Site "Baden-Baden"]
[Date "2020.02.02"]
[Round "6.7"]
[White "Muetsch, Annmarie"]
[Black "Ratay, Meike"]
[Result "0-1"]
[ECO "B51"]
[WhiteElo "2227"]
[BlackElo "1973"]
[Annotator "ChessBase"]
[PlyCount "82"]
[EventDate "2019.09.14"]
[EventType "team-tourn"]
[EventCountry "GER"]
[SourceTitle "playchess.com"]
[Source "ChessBase"]
[SourceQuality "1"]
[WhiteTeam "KSF"]
[BlackTeam "ERF"]
[TimeControl "40/5400+30:1800+30"]

1. e4 c5 2. Nf3 d6 3. Bb5+ Nd7 4. O-O a6 5. Bd3 Ngf6 6. Re1 g6 7. c3 Bg7 8. Bc2 O-O 9. d4 cxd4 10. cxd4 b5 11. Nc3 Bb7 12. a3 Rc8 13. h3 Nb6 14. Qe2 Qc7 15. Bd3 Nc4 16. a4 b4 17. Nd1 a5 18. Bg5 Nb6 19. b3 e5 20. Rc1 Qb8 21. dxe5 dxe5 22. Rxc8 Rxc8 23. Bxf6 Bxf6 24. Ba6 Nd7 25. Ne3 Nc5 26. Bxb7 Qxb7 27. Nd5 Bg7 28. Rc1 Bf8 29. Nxe5 Nxb3 30. Rd1 Nc5 31. Nc4 Qa6 32. Ndb6 Rc6 33. Qg4 Rxb6 34. Nxb6 Qxb6 35. e5 Nxa4 36. Qf3 Nc3 37. Rd7 Qe6 38. Ra7 a4 39. Ra8 Qxe5 40. Qb7 Qd6 41. Ra7 Ne2+ 0-1

[Event "1.FrauenBL 2019-20"]
[Site "Baden-Baden"]
[Date "2020.02.02"]
[Round "6.8"]
[White "Nguyen, Ha Thanh"]
[Black "Georgescu, Lena"]
[Result "1/2-1/2"]
[ECO "C54"]
[WhiteElo "1980"]
[BlackElo "2285"]
[Annotator "ChessBase"]
[PlyCount "66"]
[EventDate "2019.09.14"]
[EventType "team-tourn"]
[EventCountry "GER"]
[SourceTitle "playchess.com"]
[Source "ChessBase"]
[SourceQuality "1"]
[WhiteTeam "ERF"]
[BlackTeam "KSF"]
[TimeControl "40/5400+30:1800+30"]

1. e4 e5 2. Nf3 Nc6 3. Bc4 Bc5 4. c3 Nf6 5. d3 d6 6. O-O O-O 7. Nbd2 a5 8. a4 Be6 9. h3 h6 10. Re1 Re8 11. Bb5 Bd7 12. Nf1 Ne7 13. Bxd7 Qxd7 14. Nh4 d5 15. Qf3 Ra6 16. Ne3 dxe4 17. dxe4 Qd3 18. Ng4 Qxf3 19. Nxf3 Nxg4 20. hxg4 Nc8 21. Rb1 Bf8 22. Be3 Nd6 23. Nd2 Rc6 24. Rbc1 Nc4 25. b3 Nxd2 26. Bxd2 Rd8 27. Rc2 Bc5 28. Kf1 Kf8 29. Ke2 Ke7 30. Rh1 f6 31. f3 Ke6 32. Rhc1 Rcd6 33. Rb1 Rb6 1/2-1/2

[Event "1.FrauenBL 2019-20"]
[Site "Baden-Baden"]
[Date "2020.02.02"]
[Round "6.9"]
[White "Mader, Manuela"]
[Black "Reuter, Elisa"]
[Result "0-1"]
[ECO "B22"]
[WhiteElo "2220"]
[BlackElo "1864"]
[Annotator "ChessBase"]
[PlyCount "72"]
[EventDate "2019.09.14"]
[EventType "team-tourn"]
[EventCountry "GER"]
[SourceTitle "playchess.com"]
[Source "ChessBase"]
[SourceQuality "1"]
[WhiteTeam "KSF"]
[BlackTeam "ERF"]
[TimeControl "40/5400+30:1800+30"]

1. e4 c5 2. c3 Nf6 3. e5 Nd5 4. Nf3 e6 5. Bc4 d6 6. d4 cxd4 7. cxd4 Nc6 8. O-O Be7 9. Qe2 O-O 10. Nc3 Nxc3 11. bxc3 b6 12. Bd3 Bb7 13. h4 g6 14. exd6 Qxd6 15. Ng5 Qd8 16. Re1 Bf6 17. Qg4 h5 18. Qg3 Ne7 19. Nxe6 fxe6 20. Bxg6 Bg7 21. Bxh5 Nf5 22. Qg6 Bd5 23. Bg5 Qd6 24. Bg4 Qd7 25. Bxf5 Rxf5 26. g4 Rf3 27. Re3 Qf7 28. Qxf7+ Kxf7 29. Rxf3+ Bxf3 30. Kh2 Bxg4 31. Kg3 Bf5 32. Kf4 Bg6 33. Kg4 Bf6 34. f4 Bf5+ 35. Kg3 Rc8 36. Rc1 Bxd4 0-1

[Event "1.FrauenBL 2019-20"]
[Site "Baden-Baden"]
[Date "2020.02.02"]
[Round "6.10"]
[White "Mueller-Ludwig, Kristin"]
[Black "Schmidt, Jessica"]
[Result "1/2-1/2"]
[ECO "B01"]
[WhiteElo "2103"]
[BlackElo "2243"]
[Annotator "ChessBase"]
[PlyCount "51"]
[EventDate "2019.09.14"]
[EventType "team-tourn"]
[EventCountry "GER"]
[SourceTitle "playchess.com"]
[Source "ChessBase"]
[SourceQuality "1"]
[WhiteTeam "ERF"]
[BlackTeam "KSF"]
[TimeControl "40/5400+30:1800+30"]

1. e4 d5 2. exd5 Qxd5 3. Nc3 Qa5 4. d4 Nf6 5. Bc4 Bf5 6. Bd2 c6 7. Nge2 e6 8. O-O Qc7 9. Bf4 Bd6 10. Bxd6 Qxd6 11. Ng3 Bg6 12. Re1 O-O 13. Nce4 Nxe4 14. Nxe4 Qb4 15. Bb3 Nd7 16. c3 Qb6 17. Qe2 c5 18. Nxc5 Nxc5 19. dxc5 Qxc5 20. Qe3 Qxe3 21. Rxe3 Rfd8 22. Re2 Rd6 23. Rd1 Rxd1+ 24. Bxd1 Rd8 25. Bb3 Kf8 26. f3 1/2-1/2

[Event "1.FrauenBL 2019-20"]
[Site "Baden-Baden"]
[Date "2020.02.02"]
[Round "6.11"]
[White "Kiefhaber, Veronika"]
[Black "Troyke, Doreen"]
[Result "1-0"]
[ECO "B22"]
[WhiteElo "2142"]
[BlackElo "2021"]
[Annotator "ChessBase"]
[PlyCount "67"]
[EventDate "2019.09.14"]
[EventType "team-tourn"]
[EventCountry "GER"]
[SourceTitle "playchess.com"]
[Source "ChessBase"]
[SourceQuality "1"]
[WhiteTeam "KSF"]
[BlackTeam "ERF"]
[TimeControl "40/5400+30:1800+30"]

1. e4 c5 2. c3 d5 3. exd5 Qxd5 4. Nf3 Nf6 5. d4 Nc6 6. Be3 cxd4 7. cxd4 e6 8. Nc3 Qd6 9. a3 Be7 10. Bd3 O-O 11. O-O b6 12. Qe2 Bb7 13. Rad1 Rad8 14. Bb1 Qb8 15. Rfe1 Rfe8 16. Bg5 g6 17. Ba2 Kg7 18. b4 h6 19. Bc1 Ng4 20. d5 exd5 21. h3 Bf6 22. Qd2 Rxe1+ 23. Rxe1 Nge5 24. Qxh6+ Kg8 25. Ng5 Bg7 26. Qh7+ Kf8 27. Nxd5 Nd3 28. Rd1 Nxc1 29. Rxc1 Qe5 30. Nxf7 Qb2 31. Re1 Kxf7 32. Nf4+ Qxa2 33. Qxg6+ Kg8 34. Ne6 1-0

[Event "1.FrauenBL 2019-20"]
[Site "Baden-Baden"]
[Date "2020.02.02"]
[Round "6.12"]
[White "Umpfenbach, Carolin"]
[Black "Moingt, Anne"]
[Result "1/2-1/2"]
[ECO "B14"]
[WhiteElo "2073"]
[BlackElo "2068"]
[Annotator "NA RC"]
[PlyCount "97"]
[EventDate "2019.09.14"]
[EventType "team-tourn"]
[EventCountry "GER"]
[SourceTitle "playchess.com"]
[Source "ChessBase"]
[SourceQuality "1"]
[WhiteTeam "ERF"]
[BlackTeam "KSF"]
[TimeControl "40/5400+30:1800+30"]

1. d4 Nf6 2. c4 e6 3. Nc3 Bb4 4. Bd2 O-O 5. Nf3 c5 6. e3 cxd4 7. exd4 d5 {[%emt 0:03:30] [#]} 8. Qa4 $146 {[%emt 0:03:30] B14: Caro-Kann: Panov-Botvinnik Attack with 5...e6 and 5...g6} ({Predecessor:} 8. c5 b6 9. a3 Bxc3 10. Bxc3 Ne4 11. Qc2 bxc5 12. dxc5 Nxc3 13. Qxc3 e5 14. Bb5 d4 15. Qd2 Qd5 16. Rc1 {0-1 (46) Sandipan,C (2603)-Eljanov,P (2719) Doha 2014}) 8... Be7 9. c5 Nc6 10. Bb5 Bd7 11. O-O Qc7 12. Rfe1 a5 13. g3 Rfe8 (13... Rfc8 $11) 14. Bf4 Qd8 15. a3 Na7 16. Bxd7 Nxd7 17. b4 axb4 18. axb4 Nc6 19. Qxa8 Qxa8 20. Rxa8 Rxa8 21. b5 Nb4 22. Rb1 Nd3 23. Bd2 Nf6 24. Kf1 Ne4 25. Nxe4 dxe4 26. Ne1 f6 27. Nxd3 exd3 28. Rb3 Rd8 29. c6 bxc6 30. bxc6 Rc8 31. Rb6 Kf7 32. Bc3 Bd8 33. Ra6 Rb8 34. Ke1 Ke7 35. Kd2 Kd6 36. Kxd3 Bb6 37. Kc4 Kc7 38. f4 Rd8 39. f5 Rd6 40. fxe6 Rxc6+ 41. Kd3 Rxe6 42. Ra8 Kc6 43. Rg8 Re7 44. Kc4 Rf7 45. g4 g6 46. d5+ Kd7 47. Bb4 f5 48. gxf5 $11 gxf5 49. Rf8 1/2-1/2